 Dungeon Crawl Stone Soup version 0.31.0-32-g396128a36d (webtiles) character file.

Game seed: 15987342638721298778

39 ChrisAssaf the Grave Robber (level 3, -2/25 HPs)
             Began as a Human Necromancer on Mar 29, 2024.
             Slain by Natasha (7 damage)
             ... on level 3 of the Dungeon.
             The game lasted 00:06:19 (1642 turns).

ChrisAssaf the Grave Robber (Human Necromancer)     Turns: 1642, Time: 00:06:19

Health: -2/25      AC:  5    Str:  9    XL:     3   Next: 47%
Magic:  1/6        EV: 12    Int: 19    God:
Gold:   166        SH:  0    Dex: 12    Spells: 0/6 levels left

rFire   . . .        (no weapon)
rCold   . . .        (no shield)
rNeg    . . .        a - +0 robe
rPois   .            (no helmet)
rElec   .            (no cloak)
rCorr   .            d - +2 pair of gloves
SInv    .            (no boots)
Will    +....        (no amulet)
Stlth   ++           (no ring)
HPRegen 0.24/turn    (no ring)
MPRegen 0.10/turn

%: clarity
@: no status effects
A: explore regen, clarity, clever 1, strong-willed 1
a: no special abilities


You were on level 3 of the Dungeon.
You visited 1 branch of the dungeon, and saw 3 of its levels.

You collected 166 gold pieces.

Inventory:

Missiles
 c - 2 boomerangs (quivered)
Armour
 a - a +0 robe (worn)
 d - a +2 pair of gloves (worn)
Scrolls
 h - a scroll of poison
Potions
 b - 2 potions of brilliance
 e - 2 potions of heal wounds
 f - a potion of mutation
 g - a potion of curing


   Skills:
 * Level 0.6 Fighting
 * Level 0.3 Throwing
 * Level 0.3 Armour
 * Level 2.2 Dodging
 * Level 2.1 Stealth
 * Level 2.2 Spellcasting
 * Level 0.2 Summonings
 * Level 4.5 Necromancy


You couldn't memorise any spells.
You knew the following spells:

 Your Spells              Type           Power      Damage    Failure   Level
a - Necrotise             Necr           76%        1d7       2%          1
b - Call Imp              Summ           6%         N/A       22%         2
c - Vampiric Draining     Necr           19%        2d7       8%          3

Your spell library contained the following spells:

 Spells                   Type           Power      Damage    Failure   Level
 Magic Dart               Conj           8%         1d3       17%         1
 Blink                    Tloc           4%         N/A       26%         2
 Animate Dead             Necr           19%        N/A       26%         4
 Curse of Agony           Necr           19%        N/A       56%         5
 Haunt                    Necr/Summ      5%         N/A       100%        7
 Infestation              Necr           9%         N/A       100%        8


Dungeon Overview and Level Annotations

Branches:
Dungeon (3/15)

Altars:

Annotations:
D:3 Natasha


Innate Abilities, Weirdness & Mutations

You regain HP and MP as you explore.
You possess an exceptional clarity of mind.
Your mind is acute. (Int +4, Str/Dex -1)
You are strong-willed. (Will+)


Message History

Natasha claws you.
Unknown command.
Casting: Vampiric Draining (quite dangerous; 8% risk of failure)
Confirm with . or Enter, or press ? or * to list all spells.
Aiming: Necrotise (safe; 2% risk of failure)
Press: ? - help, Shift-Dir - straight line, f/p - Natasha
Aim: Natasha (heavily wounded, chance to affect: 78%) Natasha barely resists.
Natasha misses you.
Unknown command.
Natasha casts a spell.
Natasha casts a spell.
The cerulean imp hits you from afar with a +2 spear.
Your magical contamination has completely faded away.
The cerulean imp attacks as it pursues you!
The cerulean imp hits you but does no damage.
The cerulean imp closely misses you.
Natasha mumbles some strange words.
Natasha glows brightly for a moment.
Natasha casts a spell at you. You resist with almost no effort.
The cerulean imp attacks as it pursues you!
The cerulean imp hits you from afar with a +2 spear.
You see here the +6 shillelagh "Devastator" {shatter}.
The cerulean imp attacks as it pursues you!
The cerulean imp hits you from afar with a +2 spear.
Natasha casts a spell.
The cerulean imp closely misses you.
The cerulean imp attacks as it pursues you!
The cerulean imp hits you but does no damage.
Okay, then.
Okay, then.
The cerulean imp hits you from afar with a +0 spear.
The cerulean imp closely misses you.
The cerulean imp hits you from afar with a +0 spear.
The cerulean imp hits you from afar with a +2 spear.
The cerulean imp hits you from afar with a +0 spear.
* * * LOW HITPOINT WARNING * * *
The cerulean imp closely misses you. Natasha claws you!
You die...
Natasha begins licking her fur clean.

...............#
......!..#.....#
.........#..#.###
.....[...#...)..##
..$......####..†.#
.....#..[##......#
#.5...##
#########h55..#
#.......@.....#
.......#######.....#
####### #.....#
#.....# #######


You could see Natasha and 3 cerulean imps.

Vanquished Creatures
  A ribbon worm (D:3)
  2 dart slugs (D:1)
  2 endoplasms (D:1)
  2 goblins (D:1)
  2 hobgoblins (D:1)
  4 jackals
  2 ball pythons
  2 bats
  3 frilled lizards (D:1)
  A kobold (D:2)
  4 rats
25 creatures vanquished.

Vanquished Creatures (collateral kills)
  A ribbon worm (D:3)
  2 ball pythons
  A goblin (D:2)
  A jackal (D:2)
  A bat (D:2)
6 creatures vanquished.

Grand Total: 31 creatures vanquished

Notes
Turn   | Place    | Note
-------+----------+-------------------------------------------
     0 | D:1      | ChrisAssaf the Human Necromancer began the quest for the
                  | Orb.
     0 | D:1      | Reached XP level 1. HP: 13/13 MP: 3/3
   244 | D:1      | Reached XP level 2. HP: 19/19 MP: 0/5
  1018 | D:2      | Learned a level 2 spell: Call Imp
  1076 | D:2      | Reached XP level 3. HP: 21/25 MP: 1/6
  1114 | D:2      | Learned a level 3 spell: Vampiric Draining
  1197 | D:2      | Gained mutation: You are partially covered in iridescent
                  | scales. (AC +2) [potion of mutation]
  1412 | D:2      | Lost mutation: You are partially covered in iridescent
                  | scales. (AC +2) [potion of mutation]
  1412 | D:2      | Gained mutation: You possess an exceptional clarity of
                  | mind. [potion of mutation]
  1412 | D:2      | Gained mutation: You are strong-willed. (Will+) [potion of
                  | mutation]
  1412 | D:2      | Gained mutation: Your mind is acute. (Int +4, Str/Dex -1)
                  | [potion of mutation]
  1532 | D:3      | Found the +6 shillelagh "Devastator" {shatter}
  1620 | D:3      | Noticed Natasha
  1642 | D:3      | Slain by Natasha

Illustrated notes

Levels and vault maps discovered:
D:1:      dpeg_arrival_ternary, layout_basic, serial_bayou,
          serial_bayou_shore_b, serial_bayou_pond_e, serial_bayou_pond_e,
          serial_bayou_pond_b
D:2:      layout_rooms
D:3:      layout_rooms, grunt_qazlal_sundering, minmay_misc_feat_nine_boxes,
          uniq_crazy_yiuf_cottage, uniq_natasha

Action                     || total
---------------------------++-------
  Throw: Boomerang         ||    26
   Cast: Necrotise         ||    32
         Call Imp          ||     4
         Vampiric Draining ||     2
    Use: Scroll            ||     6
         Potion            ||     3
 Armour: Robe              ||    72
  Dodge: Dodged            ||    82
